[Event "Fall Chess Classic-B 2018"]
[Site "Saint Louis"]
[Date "2018.10.13"]
[Round "4"]
[White "Chandra, Akshat"]
[Black "Ashwin, Jayaram"]
[Result "0-1"]
[ECO "B04"]
[WhiteElo "2471"]
[BlackElo "2494"]
[Annotator "RC"]
[PlyCount "52"]
[EventDate "2018.10.10"]
[EventType "tourn"]
[EventCountry "USA"]
[SourceTitle "playchess.com"]
[Source "ChessBase"]
[SourceQuality "1"]
[TimeControl "40/5400+30:1800+30"]

1. e4 Nf6 2. e5 Nd5 3. d4 d6 4. Nf3 dxe5 5. Nxe5 c6 6. Be2 Bf5 7. O-O Nd7 8. Nf3 e6 9. c4 N5f6 10. Nc3 Bd6 11. Nh4 Bg6 12. g3 O-O 13. Be3 Re8 14. Nxg6 hxg6 15. Qb3 Qc7 16. Rfd1 e5 17. c5 Be7 18. dxe5 Nxe5 19. Qa4 Ned7 20. Qc4 Bf8 21. b4 b6 22. Bf4 Ne5 23. Qd4 bxc5 24. bxc5 Qa5 25. Nb5 Qxb5 26. Bxb5 Nf3+ 0-1